TOP OF THE 1ST |
Brinkley Belugas batting - Pitching for Winchester Cosmos : RHP Jim Unknown
|
Pitching: RHP Jim Unknown
|
|
Batting: RHB Juan Díaz
|
0-0: Fly out, F3 (Line Drive, 3)
|
Batting: SHB Edgar Cantú
|
0-0: Called Strike 0-1: Ball 1-1: Foul Ball, location: 2F 1-2: Foul Ball, location: 2F 1-2: Ball 2-2: Reached on error, E6 (Groundball, 6D)
|
Batting: RHB James Bolden
|
0-0: Called Strike 0-1: Called Strike 0-2: Ball 1-2: Strikes out swinging
|
Batting: RHB Cullen Spencer
|
0-0: Ball 1-0: Ball 2-0: Called Strike 2-1: Foul Ball, location: 2F 2-2: Ball 3-2: Ground out 5-3 (Groundball, 15S)
|
Top of the 1st over - 0 run(s), 0 hit(s), 1 error(s), 1 left on base; Brinkley 0 - Winchester 0 |
BOTTOM OF THE 1ST |
Winchester Cosmos batting - Pitching for Brinkley Belugas : RHP John Alvarado
|
Pitching: RHP John Alvarado
|
|
Batting: RHB Alberto Ortíz
|
0-0: Bunt for hit - play at first, batter OUT! 3-4
|
Batting: RHB Jim Unknown
|
0-0: Ball 1-0: Ball 2-0: Foul Ball, location: 2F 2-1: Called Strike 2-2: Strikes out swinging
|
Batting: LHB Dave Lee
|
0-0: Foul Ball, location: 2F 0-1: Foul Ball, location: 2F 0-2: Ball 1-2: Foul Ball, location: 2F 1-2: Ball 2-2: Foul Ball, location: 2F 2-2: Foul Ball, location: 2F 2-2: Ball 3-2: Foul Ball, location: 2F 3-2: Foul Ball, location: 2F 3-2: Foul Ball, location: 2F 3-2: Ground out 1-3 (Groundball, 13)
|
Bottom of the 1st over - 0 run(s), 0 hit(s), 0 error(s), 0 left on base; Brinkley 0 - Winchester 0 |
TOP OF THE 2ND |
Brinkley Belugas batting - Pitching for Winchester Cosmos : RHP Jim Unknown
|
Batting: RHB Pedro Peña
|
0-0: Fly out, F2 (Popup, 2RF)
|
Batting: RHB Carlos Salinas
|
0-0: Called Strike 0-1: Ball 1-1: Ground out 4-3 (Groundball, 4)
|
Batting: SHB Earl Holman
|
0-0: Called Strike 0-1: SINGLE (Line Drive, 6D)
|
Batting: RHB Max Burke
|
0-0: Called Strike 0-1: Ball 1-1: Called Strike 1-2: SINGLE (Line Drive, 8RS) Earl Holman to second
|
Batting: RHB Dave Nichols
|
0-0: Foul Ball, location: 2F 0-1: Called Strike 0-2: Strikes out swinging
|
Top of the 2nd over - 0 run(s), 2 hit(s), 0 error(s), 2 left on base; Brinkley 0 - Winchester 0 |
BOTTOM OF THE 2ND |
Winchester Cosmos batting - Pitching for Brinkley Belugas : RHP John Alvarado
|
Batting: SHB Todd Cisneros
|
0-0: Ball 1-0: Foul Ball, location: 2F 1-1: Ground out 1-3 (Groundball, 15S)
|
Batting: RHB Jim Unknown
|
0-0: Called Strike 0-1: Called Strike 0-2: Foul Ball, location: 2F 0-2: Foul Ball, location: 2F 0-2: Fly out, F7 (Flyball, 7M)
|
Batting: RHB Jim Unknown
|
0-0: Ball 1-0: Called Strike 1-1: Ball 2-1: Swinging Strike 2-2: Strikes out swinging
|
Bottom of the 2nd over - 0 run(s), 0 hit(s), 0 error(s), 0 left on base; Brinkley 0 - Winchester 0 |
TOP OF THE 3RD |
Brinkley Belugas batting - Pitching for Winchester Cosmos : RHP Jim Unknown
|
Batting: RHB Juan Díaz
|
0-0: Ball 1-0: Called Strike 1-1: Swinging Strike 1-2: Strikes out looking
|
Batting: SHB Edgar Cantú
|
0-0: Ball 1-0: SINGLE (Groundball, 25) (infield hit)
|
Batting: RHB James Bolden
|
0-0: Called Strike 0-1: Foul Ball, location: 2F 0-2: Foul Ball, location: 2F 0-2: Grounds into double play, 6-4-3 (Groundball, 6)
|
Top of the 3rd over - 0 run(s), 1 hit(s), 0 error(s), 0 left on base; Brinkley 0 - Winchester 0 |
BOTTOM OF THE 3RD |
Winchester Cosmos batting - Pitching for Brinkley Belugas : RHP John Alvarado
|
Batting: RHB Jim Unknown
|
0-0: Called Strike 0-1: Ball 1-1: Ball 2-1: SINGLE (Groundball, 56D)
|
Batting: RHB Rômulo Caho
|
0-0: Ball 1-0: Foul Ball, location: 2F 1-1: Ball 2-1: Ball 3-1: Base on Balls Jim Unknown to second
|
Batting: RHB Jim Unknown
|
0-0: Foul Ball, location: 2F 0-1: Ball 1-1: Foul Ball, location: 2F 1-2: Ball 2-2: Ball 3-2: Fly out, F7 (Flyball, 78S)
|
Batting: RHB Alberto Ortíz
|
0-0: Ball Jim Unknown steals 3rd base 1-0: Ball 2-0: Grounds into double play, 4-6-3 (Groundball, 4)
|
Bottom of the 3rd over - 0 run(s), 1 hit(s), 0 error(s), 1 left on base; Brinkley 0 - Winchester 0 |
TOP OF THE 4TH |
Brinkley Belugas batting - Pitching for Winchester Cosmos : RHP Jim Unknown
|
Batting: RHB Cullen Spencer
|
0-0: Foul Ball, location: 2F 0-1: Called Strike 0-2: Ground out 1-3 (Groundball, 13S)
|
Batting: RHB Pedro Peña
|
0-0: Foul Ball, location: 2F 0-1: Called Strike 0-2: Ball 1-2: SOLO HOME RUN (Flyball, 7LD), Distance : 351 ft
|
Batting: RHB Carlos Salinas
|
0-0: Foul Ball, location: 2F 0-1: Ball 1-1: Swinging Strike 1-2: Ball 2-2: Strikes out swinging
|
Batting: SHB Earl Holman
|
0-0: Called Strike 0-1: Swinging Strike 0-2: Fly out, F6 (Popup, 6)
|
Top of the 4th over - 1 run(s), 1 hit(s), 0 error(s), 0 left on base; Brinkley 1 - Winchester 0 |
BOTTOM OF THE 4TH |
Winchester Cosmos batting - Pitching for Brinkley Belugas : RHP John Alvarado
|
Batting: RHB Jim Unknown
|
0-0: Ball 1-0: Foul Ball, location: 2F 1-1: Ball 2-1: SINGLE (Line Drive, 78S)
|
Batting: LHB Dave Lee
|
0-0: Ball 1-0: Ball 2-0: Ball 3-0: Called Strike 3-1: Called Strike 3-2: Ground out 4-3 (Groundball, 13) Jim Unknown to second
|
Batting: SHB Todd Cisneros
|
0-0: Ball 1-0: TRIPLE (Line Drive, 8LD) Jim Unknown scores
|
Batting: RHB Jim Unknown
|
0-0: Ball 1-0: Foul Ball, location: 2F 1-1: DOUBLE (Line Drive, 78M) Todd Cisneros scores
|
Batting: RHB Jim Unknown
|
0-0: Called Strike 0-1: Ball 1-1: Ground out 6-3 (Groundball, 6M) Jim Unknown to third
|
Batting: RHB Jim Unknown
|
0-0: Called Strike 0-1: Called Strike 0-2: Ball 1-2: Fly out, F8 (Flyball, 89M)
|
Bottom of the 4th over - 2 run(s), 3 hit(s), 0 error(s), 1 left on base; Brinkley 1 - Winchester 2 |
TOP OF THE 5TH |
Brinkley Belugas batting - Pitching for Winchester Cosmos : RHP Jim Unknown
|
Batting: RHB Max Burke
|
0-0: Called Strike 0-1: Ground out 3-1 (Groundball, 34S)
|
Batting: RHB Dave Nichols
|
0-0: Called Strike 0-1: Ball 1-1: Called Strike 1-2: Foul Ball, location: 2F 1-2: Foul Ball, location: 2F 1-2: Ball 2-2: Foul Ball, location: 2F 2-2: Ball 3-2: Foul Ball, location: 2F 3-2: Foul Ball, location: 2F 3-2: Strikes out swinging
|
Batting: RHB Juan Díaz
|
0-0: SINGLE (Line Drive, 56D)
|
Batting: SHB Edgar Cantú
|
0-0: Ball 1-0: Swinging Strike 1-1: Swinging Strike 1-2: Ball 2-2: Strikes out swinging
|
Top of the 5th over - 0 run(s), 1 hit(s), 0 error(s), 1 left on base; Brinkley 1 - Winchester 2 |
BOTTOM OF THE 5TH |
Winchester Cosmos batting - Pitching for Brinkley Belugas : RHP John Alvarado
|
Batting: RHB Rômulo Caho
|
0-0: Fly out, F7 (Flyball, 7D)
|
Batting: RHB Jim Unknown
|
0-0: Ball 1-0: Foul Ball, location: 2F 1-1: Foul Ball, location: 2F 1-2: SINGLE (Line Drive, 89S)
|
Batting: RHB Alberto Ortíz
|
0-0: Called Strike 0-1: Ball Jim Unknown is caught stealing 2nd base 1-1: Ball 2-1: Called Strike 2-2: Strikes out swinging
|
Bottom of the 5th over - 0 run(s), 1 hit(s), 0 error(s), 0 left on base; Brinkley 1 - Winchester 2 |
TOP OF THE 6TH |
Brinkley Belugas batting - Pitching for Winchester Cosmos : RHP Jim Unknown
|
Batting: RHB James Bolden
|
0-0: Ball 1-0: Ground out 6-3 (Groundball, 6)
|
Batting: RHB Cullen Spencer
|
0-0: Called Strike 0-1: Foul Ball, location: 2F 0-2: Fly out, F9 (Flyball, 9M)
|
Batting: RHB Pedro Peña
|
0-0: Ball 1-0: Called Strike 1-1: Ball 2-1: Ball 3-1: SINGLE (Line Drive, 8RS)
|
Batting: RHB Carlos Salinas
|
0-0: SINGLE (Groundball, 4MD) (infield hit) Pedro Peña to second
|
Batting: SHB Earl Holman
|
0-0: Called Strike 0-1: Foul Ball, location: 2F 0-2: Fly out, F5 (Line Drive, 56)
|
Top of the 6th over - 0 run(s), 2 hit(s), 0 error(s), 2 left on base; Brinkley 1 - Winchester 2 |
BOTTOM OF THE 6TH |
Winchester Cosmos batting - Pitching for Brinkley Belugas : RHP John Alvarado
|
Batting: RHB Jim Unknown
|
0-0: Called Strike 0-1: Ball 1-1: Called Strike 1-2: Ball 2-2: Ball 3-2: Fly out, F8 (Flyball, 8RS)
|
Batting: LHB Dave Lee
|
0-0: Foul Ball, location: 2F 0-1: Ball 1-1: Foul Ball, location: 2F 1-2: Foul Ball, location: 2F 1-2: Foul Ball, location: 2F 1-2: Strikes out looking
|
Batting: SHB Todd Cisneros
|
0-0: Ball 1-0: Called Strike 1-1: Foul Ball, location: 2F 1-2: SINGLE (Line Drive, 7LS)
|
Pitching: RHP Joe Flowers
|
|
Batting: RHB Jim Unknown
|
0-0: Called Strike 0-1: Ball 1-1: Ball 2-1: Foul Ball, location: 2F 2-2: Ball 3-2: 2-RUN HOME RUN (Line Drive, 7D), Distance : 380 ft
|
Batting: RHB Jim Unknown
|
0-0: Ball 1-0: Ball 2-0: Ball 3-0: Called Strike 3-1: Foul Ball, location: 2F 3-2: Ground out 4-3 (Groundball, 4)
|
Bottom of the 6th over - 2 run(s), 2 hit(s), 0 error(s), 0 left on base; Brinkley 1 - Winchester 4 |
TOP OF THE 7TH |
Brinkley Belugas batting - Pitching for Winchester Cosmos : RHP Jim Unknown
|
Batting: RHB Max Burke
|
0-0: Ball 1-0: Ball 2-0: Ball 3-0: Called Strike 3-1: SINGLE (Line Drive, 4D)
|
Batting: RHB Dave Nichols
|
0-0: Ball 1-0: Foul Ball, location: 2F 1-1: SINGLE (Groundball, 34D) Max Burke to second
|
Batting: RHB Juan Díaz
|
0-0: Called Strike 0-1: SINGLE (Groundball, 6) Max Burke to third Dave Nichols to second Runner from 3rd tries for Home, SAFE, no throw or cutoff
|
Pinch Hitting: RHB Terry Ryals
|
0-0: Ball 1-0: Grounds into double play, 6-4-3 (Groundball, 6D) Dave Nichols to third
|
Batting: RHB James Bolden
|
0-0: Ground out 5-3 (Groundball, 5S)
|
Top of the 7th over - 1 run(s), 3 hit(s), 0 error(s), 1 left on base; Brinkley 2 - Winchester 4 |
BOTTOM OF THE 7TH |
Winchester Cosmos batting - Pitching for Brinkley Belugas : RHP Joe Flowers
|
Now in CF: Jason Owens
|
|
Batting: RHB Jim Unknown
|
0-0: SINGLE (Line Drive, 56)
|
Batting: RHB Rômulo Caho
|
0-0: Ball 1-0: Called Strike Jim Unknown is caught stealing 2nd base 1-1: Ball 2-1: Ball 3-1: Called Strike 3-2: Foul Ball, location: 2F 3-2: Foul Ball, location: 2F 3-2: Foul Ball, location: 2F 3-2: Strikes out swinging
|
Batting: RHB Jim Unknown
|
0-0: Called Strike 0-1: Ground out 5-3 (Groundball, 5)
|
Bottom of the 7th over - 0 run(s), 1 hit(s), 0 error(s), 0 left on base; Brinkley 2 - Winchester 4 |
TOP OF THE 8TH |
Brinkley Belugas batting - Pitching for Winchester Cosmos : RHP Jim Unknown
|
Batting: RHB Cullen Spencer
|
0-0: Foul Ball, location: 2F 0-1: Reached on Error, E9 (Flyball, 9S)
|
Pitching: RHP Jim Unknown
|
|
Batting: RHB Pedro Peña
|
0-0: Ball 1-0: Grounds into double play, 5-4-3 (Groundball, 56)
|
Batting: RHB Carlos Salinas
|
0-0: Called Strike 0-1: Swinging Strike 0-2: Ball 1-2: Strikes out swinging
|
Top of the 8th over - 0 run(s), 0 hit(s), 1 error(s), 0 left on base; Brinkley 2 - Winchester 4 |
BOTTOM OF THE 8TH |
Winchester Cosmos batting - Pitching for Brinkley Belugas : RHP Joe Flowers
|
Batting: RHB Alberto Ortíz
|
0-0: Ball 1-0: Foul Ball, location: 2F 1-1: Foul Ball, location: 2F 1-2: Foul Ball, location: 2F 1-2: Ball 2-2: DOUBLE (Groundball, 5L)
|
Batting: RHB Jim Unknown
|
0-0: Foul Ball, location: 2F 0-1: Foul Ball, location: 2F 0-2: Strikes out swinging
|
Batting: LHB Dave Lee
|
0-0: Intentional Walk
|
Batting: SHB Todd Cisneros
|
0-0: SINGLE (Line Drive, 3D) Alberto Ortíz to third Dave Lee to second
|
Batting: RHB Jim Unknown
|
0-0: Foul Ball, location: 2F 0-1: Ball 1-1: Ball 2-1: Ball 3-1: Swinging Strike 3-2: Foul Ball, location: 2F 3-2: Fly out, F8 (Flyball, 8LXD) Runner from 3rd tags up, SCORES, no throw
|
Batting: RHB Jim Unknown
|
0-0: Called Strike 0-1: Ground out 6-3 (Groundball, 56)
|
Bottom of the 8th over - 1 run(s), 2 hit(s), 0 error(s), 2 left on base; Brinkley 2 - Winchester 5 |
TOP OF THE 9TH |
Brinkley Belugas batting - Pitching for Winchester Cosmos : RHP Jim Unknown
|
Batting: SHB Earl Holman
|
0-0: Ball 1-0: SINGLE (Line Drive, 4D)
|
Batting: RHB Max Burke
|
0-0: Called Strike 0-1: Swinging Strike 0-2: Ball 1-2: Fly out, F8 (Flyball, 8RM)
|
Batting: RHB Dave Nichols
|
0-0: Called Strike 0-1: Ball 1-1: Swinging Strike 1-2: Ball 2-2: Strikes out swinging
|
Batting: RHB Juan Díaz
|
0-0: Swinging Strike 0-1: SINGLE (Groundball, 56D) Earl Holman to second
|
Pinch Hitting: RHB Alberto Morales
|
0-0: Ball 1-0: Ground out 5-3 (Groundball, 56)
|
Top of the 9th over - 0 run(s), 2 hit(s), 0 error(s), 2 left on base; Brinkley 2 - Winchester 5 |
|